Map: Neon Violet Square LE

Players

MaNa - Winner!

  • Race: Protoss Protoss
  • Spawn Location: 11:00

JonSnow

  • Race: Zerg Zerg
  • Spawn Location: 5:00

Event: WCS Leipzig 2018

VOD

Have the link to the VOD?

Description

Time

  • Played on: Jan. 26, 2018, 10:17 a.m.
  • Length: 14:58

All games in this series

Show
View Real Time Build Order
Export as new Build Order

MaNa Protoss - Winner!

Build Orders: 1 Gate Expand, Oracle Opening, Phoenix Opening, Archon Immortal, Zealot Archon, Archon Drop 

Get SALT Encoding   

  12  0:00  Probe  
  13  0:12  Probe  
  14  0:18  Pylon  
  14  0:24  Probe (Chrono Boost)  
  15  0:36  Probe (Chrono Boost)  
  15  0:42  Gateway  
  16  0:45  Probe (Chrono Boost)  
  17  0:50  Assimilator  
  17  0:51  Probe  
  18  1:03  Probe  
  19  1:15  Probe  
  20  1:28  Nexus  
  20  1:38  Cybernetics Core  
  20  1:41  Probe  
  20  1:47  Assimilator  
  21  1:54  Probe  
  22  1:57  Pylon  
  22  2:06  Probe  
  23  2:13  Adept (Chrono Boost)  
  23  2:14  Warp Gate  
  25  2:18  Probe  
  26  2:30  Probe  
  26  2:32  Stargate  
  26  2:35  Adept  
  29  2:41  Probe  
  29  2:42  Probe  
  31  2:53  Probe  
  31  2:54  Probe  
  33  3:02  Adept  
  33  3:05  Probe  
  36  3:06  Probe  
  37  3:15  Phoenix  
  37  3:17  Probe  
  37  3:18  Probe  
  41  3:27  Gateway  
  41  3:29  Probe  
  41  3:30  Probe  
  43  3:41  Probe  
  43  3:42  Probe, Pylon  
  43  3:43  Oracle  
  46  3:56  Robotics Facility  
  46  3:58  Assimilator  
  46  4:00  Probe x2 (Chrono Boost)  
  46  4:01  Assimilator  
  50  4:10  Probe x2 (Chrono Boost), Twilight Council  
  50  4:14  Pylon  
  50  4:15  Probe x2 (Chrono Boost)  
  52  4:26  Probe  
  52  4:28  Probe  
  54  4:37  Nexus  
  54  4:43  Warp Prism (Chrono Boost)  
  56  4:49  Gateway  
  56  4:55  Gateway  
  56  5:00  Templar Archives  
  56  5:01  Probe  
  56  5:03  Probe  
  56  5:06  Charge (Chrono Boost)  
  58  5:14  Pylon x2  
  58  5:16  Probe  
  58  5:20  Probe  
  60  5:32  Gateway  
  60  5:33  Gateway  
  60  5:34  Gateway  
  60  5:38  Gateway  
  60  5:45  Observer  
  60  5:46  Probe x2  
  63  5:50  High Templar x4  
  63  5:56  Archon x2  
  71  5:58  Probe x2  
  71  5:59  Probe, Pylon  
  71  6:02  Forge  
  74  6:08  Immortal  
  74  6:10  Psionic Storm  
  78  6:20  Probe x2  
  78  6:21  Probe  
  81  6:26  Assimilator  
  81  6:27  Assimilator  
  81  6:36  High Templar  
  81  6:37  High Templar  
  85  6:44  Probe x2  
  85  6:45  Probe  
  88  6:50  Immortal (Chrono Boost)  
  88  6:53  Protoss Ground Weapons Level 1 (Chrono Boost)  
  92  6:58  Pylon  
  92  7:00  Pylon  
  91  7:05  Zealot x5  
  101  7:22  Immortal (Chrono Boost)  
  101  7:26  Sentry  
  106  7:36  High Templar x2  
  110  7:38  Photon Cannon  
  110  7:43  Nexus  
  110  7:44  Pylon  
  110  7:53  Pylon  
  110  7:55  Robotics Facility, Pylon  
  110  7:56  Immortal (Chrono Boost)  
  114  8:04  Zealot  
  116  8:07  Shield Battery  
  116  8:11  High Templar x2  
  116  8:12  Zealot x5  
  127  8:14  Shield Battery  
  127  8:16  Archon  
  125  8:27  Observer  
  126  8:41  Oracle  
  125  8:46  Zealot x7  
  133  8:49  Immortal  
  128  9:07  Zealot x5  
  128  9:08  Zealot  
  132  9:29  Zealot x3  
  132  9:30  Zealot  
  117  9:31  Observer (Chrono Boost)  
  113  9:47  Observer (Chrono Boost)  
  113  9:49  Immortal (Chrono Boost)  
  113  9:52  High Templar x5  
  124  9:53  High Templar x3  
  124  9:58  Archon x3  
  124  9:59  Archon  
  134  10:10  Immortal  
  111  10:24  Immortal (Chrono Boost)  
  111  10:25  Zealot x4  
  123  10:32  High Templar x2  
  123  10:45  High Templar  
  123  10:46  High Templar, Immortal (Chrono Boost)  
  121  10:57  Probe x4  
  119  11:02  Zealot  
  123  11:07  Pylon  
  123  11:08  Photon Cannon  
  123  11:09  Probe x4, Protoss Ground Weapons Level 2 (Chrono Boost)  
  127  11:20  Immortal  
  127  11:21  Probe, High Templar x2  
  127  11:24  Assimilator  
  136  11:26  Assimilator  
  136  11:37  Zealot x4  
  144  12:02  Immortal x2  
  152  12:09  Pylon  
  152  12:11  Pylon  
  152  12:12  Pylon  
  152  12:18  Archon  
  152  12:19  Zealot x2  
  152  12:22  Zealot x2  
  156  12:28  High Templar x4  
  156  12:29  Probe x2  
  137  12:58  High Templar x4  
  141  13:02  Archon  
  141  13:05  Fleet Beacon  
  141  13:08  Oracle  
  146  13:12  Probe x2  
  146  13:13  Probe  
  146  13:16  Shield Battery, Photon Cannon  
  146  13:18  Probe  
  148  13:20  Photon Cannon  
  148  13:22  Observer x2  
  148  13:24  Probe  
  148  13:25  Probe, Nexus  
  152  13:29  Zealot x2  
  156  13:40  Pylon  
  156  13:45  Oracle  
  157  13:54  High Templar x4, Zealot x3  
  157  13:55  Zealot  
  173  13:58  Archon x2  
  173  14:07  Observer  
  145  14:41  Zealot x3  
  145  14:42  Zealot x5  
Show
View Real Time Build Order
Export as new Build Order

JonSnow Zerg 

Build Orders: Hatch First, Lurkers 

Get SALT Encoding   

  12  0:00  Drone  
  13  0:13  Overlord  
  13  0:19  Drone  
  14  0:31  Drone x2  
  16  0:50  Hatchery  
  16  0:54  Drone  
  16  0:56  Drone  
  17  1:08  Extractor  
  16  1:16  Drone x2  
  18  1:23  Spawning Pool  
  17  1:27  Drone  
  18  1:33  Drone  
  19  1:41  Overlord  
  19  1:51  Drone  
  20  2:01  Drone x2  
  22  2:10  Queen  
  22  2:11  Queen  
  26  2:16  Metabolic Boost  
  26  2:20  Zergling x2  
  27  2:23  Zergling x2  
  27  2:25  Drone  
  29  2:31  Drone  
  29  2:37  Drone x2  
  32  2:50  Hatchery  
  31  2:57  Queen  
  32  3:00  Drone x2  
  34  3:06  Zergling x2  
  35  3:14  Overlord  
  35  3:22  Overlord  
  35  3:29  Overlord  
  35  3:34  Spore Crawler  
  35  3:36  Drone  
  35  3:37  Drone x6  
  41  3:44  Drone x3, Spore Crawler  
  43  3:51  Lair  
  43  3:56  Drone x2  
  43  3:59  Drone  
  43  4:00  Drone  
  43  4:02  Drone  
  48  4:03  Drone  
  49  4:12  Queen  
  49  4:13  Spore Crawler  
  49  4:14  Extractor x2  
  49  4:15  Drone  
  49  4:17  Drone  
  49  4:19  Drone  
  49  4:20  Drone  
  49  4:21  Drone  
  53  4:26  Drone x3  
  53  4:28  Drone  
  53  4:29  Drone  
  57  4:37  Overlord  
  57  4:55  Hydralisk Den  
  57  4:56  Overlord x2  
  57  4:57  Drone x7  
  63  5:04  Overlord  
  63  5:11  Queen  
  63  5:12  Drone  
  66  5:16  Extractor  
  66  5:17  Overlord  
  65  5:25  Hydralisk x5, Muscular Augments  
  65  5:27  Zergling x4  
  77  5:31  Zergling x6  
  77  5:33  Hydralisk  
  77  5:35  Zergling x2  
  83  5:38  Hydralisk  
  83  5:40  Zergling x4  
  87  5:46  Hydralisk  
  87  5:47  Zergling x6  
  92  5:52  Drone x2  
  94  5:57  Hydralisk  
  96  6:05  Extractor, Overseer  
  96  6:09  Extractor  
  93  6:13  Drone x5  
  93  6:17  Overlord  
  97  6:19  Lurker Den  
  97  6:20  Evolution Chamber  
  95  6:27  Drone x2  
  95  6:31  Hatchery  
  96  6:36  Hydralisk x4  
  104  6:50  Hatchery  
  104  6:52  Hydralisk  
  106  6:59  Overlord  
  106  7:01  Overlord x2  
  104  7:03  Overlord, Zerg Missile Weapons Level 1  
  104  7:04  Overlord  
  104  7:05  Drone x2  
  105  7:16  Overlord x2  
  105  7:17  Overlord  
  105  7:23  Drone x5  
  105  7:24  Drone  
  111  7:30  Hydralisk x2  
  111  7:31  Hydralisk  
  111  7:34  Hydralisk  
  111  7:35  Hydralisk x3  
  125  7:40  Hydralisk  
  127  7:46  Hydralisk x2  
  127  7:48  Hydralisk x5  
  127  7:49  Zergling x2  
  142  7:53  Hydralisk x2  
  142  7:56  Overlord  
  146  8:03  Zergling x4  
  148  8:12  Lurker x5  
  153  8:13  Zergling x2  
  153  8:14  Zergling x6  
  153  8:15  Lurker  
  153  8:16  Overlord  
  158  8:22  Hydralisk x3  
  158  8:24  Zergling x8  
  166  8:35  Hydralisk x4  
  166  8:36  Zergling x2  
  170  8:44  Hydralisk x3  
  170  8:45  Zergling x4  
  177  8:50  Overlord  
  177  8:52  Overlord  
  177  8:53  Drone x3  
  180  9:00  Hydralisk  
  180  9:01  Zergling x2, Hydralisk x2  
  174  9:09  Hydralisk x3  
  165  9:10  Zergling x2  
  165  9:11  Zergling x2  
  165  9:15  Lurker x2  
  162  9:17  Hydralisk  
  162  9:18  Zergling x2  
  162  9:23  Hydralisk  
  162  9:24  Zergling x2  
  165  9:28  Hydralisk x2  
  165  9:29  Zergling x2  
  146  9:31  Hydralisk  
  146  9:32  Zergling x2  
  146  9:37  Hydralisk x2  
  153  9:38  Zergling x2  
  153  9:43  Overseer x2  
  154  9:46  Drone  
  154  9:47  Drone x2  
  154  9:48  Drone  
  154  9:52  Zerg Missile Weapons Level 2  
  158  9:54  Drone x2  
  160  10:05  Drone  
  160  10:06  Drone x7  
  159  10:15  Hydralisk x5  
  159  10:16  Zergling x2  
  148  10:23  Hydralisk x3  
  148  10:24  Zergling x2  
  148  10:27  Hydralisk  
  148  10:28  Zergling x4  
  154  10:32  Extractor  
  154  10:35  Extractor, Hydralisk x2  
  152  10:36  Hydralisk  
  151  10:42  Lair  
  151  10:46  Zergling x6  
  150  10:51  Hydralisk  
  152  11:00  Hatchery, Overlord  
  152  11:03  Drone x3  
  152  11:04  Drone x3  
  156  11:07  Lurker x2  
  159  11:14  Lurker  
  159  11:15  Lurker  
  161  11:21  Zergling x12, Hatchery  
  161  11:23  Lurker  
  166  11:26  Zergling x2  
  166  11:27  Baneling Nest  
  166  11:29  Hydralisk x2  
  170  11:38  Hydralisk x3  
  170  11:39  Zergling x2  
  177  11:40  Hydralisk  
  177  11:41  Zergling x2  
  180  11:52  Hydralisk  
  180  11:53  Zergling x2, Hydralisk x3  
  187  12:02  Hydralisk x4  
  187  12:03  Zergling x2  
  187  12:04  Zergling x2  
  197  12:11  Lurker  
  198  12:20  Hydralisk x2  
  192  12:33  Lurker x3  
  192  12:35  Zergling x18  
  195  12:46  Hydralisk x3  
  195  12:47  Hydralisk  
  175  12:52  Hydralisk  
  175  12:56  Queen  
  165  13:00  Hydralisk x2  
  165  13:03  Zerg Melee Weapons Level 1  
  165  13:04  Hydralisk x4  
  177  13:08  Hydralisk x2  
  181  13:14  Lurker  
  181  13:16  Zergling x4  
  184  13:22  Drone x2  
  184  13:24  Extractor, Centrifical Hooks  
  184  13:25  Extractor  
  184  13:26  Zergling x2  
  186  13:27  Zergling x2  
  186  13:29  Infestation Pit  
  185  13:35  Baneling x6  
  185  13:37  Zergling x2  
  185  13:38  Zergling x16  
  194  13:47  Zergling x2  
  194  13:48  Zergling x6  
  196  13:51  Baneling  
  196  13:52  Baneling x2  
  196  13:58  Zergling x6  
  196  14:02  Hydralisk  
  198  14:03  Zergling x2  
  192  14:10  Hydralisk x5  
  192  14:15  Hydralisk x8  
  191  14:22  Hydralisk  
  191  14:23  Hydralisk x3  
  173  14:29  Hydralisk  
  133  14:32  Hydralisk  
  133  14:33  Hydralisk  
  133  14:34  Hydralisk x2  
  133  14:37  Zergling x2  
Tags
 
Add a new tag
Caveats
  • Supply blocks, unpowered buildings, or Contaminate may cause inaccurate times.
  • Supply counts are checked every 10 seconds.